 Dungeon Crawl Stone Soup version 0.23.2-1-ga50397a (webtiles) character file.

Game seed: 5629863207696139761

3074 IBeShadow the Zephyrmancer (level 9, -3/55 HPs)
             Began as a Tengu Air Elementalist on May 16, 2019.
             Was a Follower of Ashenzari.
             Slain by a two-headed ogre
             ... wielding a cursed -1 giant club
              (15 damage)
             ... on level 7 of the Dungeon.
             The game lasted 00:18:25 (11234 turns).

IBeShadow the Zephyrmancer (TeAE)                  Turns: 11234, Time: 00:18:26

Health: -3/55      AC:  6    Str: 15    XL:     9   Next: 88%
Magic:  18/19      EV: 15    Int: 17    God:    Ashenzari [*.....]
Gold:   609        SH:  0    Dex: 15    Spells: 19/20 levels left

rFire    . . .     SeeInvis .   x - +3 flail (venom) (curse)
rCold    . . .     Gourm    .   (no shield)
rNeg     . . .     Faith    .   p - +2 robe {Archmagi}
rPois    .         Spirit   .   (helmet restricted)
rElec    .         Reflect  .   y - +0 cloak (curse)
rCorr    .         Harm     .   j - +0 pair of gloves
MR       .....                  (boots unavailable)
Stlth    ++........             s - amulet of rage
HPRegen  0.18/turn              A - +5 ring of strength (curse)
MPRegen  0.16/turn              (no ring)

@: lethally poisoned (-3 -> -3), flying quickly and evasively, quick
A: beak, talons 3, able to fly
a: Stop Flying, Curse Item, Scrying, Renounce Religion, Evoke Berserk Rage


You were on level 7 of the Dungeon.
You worshipped Ashenzari.
Ashenzari was aware of your devotion.
You were not hungry.

You visited 2 branches of the dungeon, and saw 9 of its levels.
You also visited: Ossuary.

You collected 609 gold pieces.

Inventory:

Hand Weapons
 x - a cursed +3 flail of venom (weapon)
Armour
 f - a +1 scale mail of fire resistance
 j - a +0 pair of gloves (worn)
 k - a +0 shield
 p - a +2 robe of the Archmagi (worn)
 y - a cursed +0 cloak (worn)
Jewellery
 s - an amulet of rage (around neck)
 A - a cursed +5 ring of strength (left hand)
Wands
 F - a wand of enslavement (8)
Scrolls
 e - 2 scrolls of teleportation
 g - a scroll of remove curse
 i - a scroll of identify
 l - a scroll of noise {unknown}
 n - a scroll of magic mapping {unknown}
 q - 2 scrolls of amnesia {unknown}
 r - a scroll of enchant weapon {unknown}
 t - 2 scrolls of fear
 u - 2 scrolls of random uselessness
 v - a scroll of immolation
 C - a scroll of blinking {unknown}
 D - a scroll of summoning {unknown}
Potions
 a - 3 potions of mutation
 b - 4 potions of curing
 d - a potion of flight {unknown}
 h - 3 potions of lignification
 m - a potion of invisibility {unknown}
 o - 2 potions of might
 w - a potion of cancellation
 z - a potion of haste {unknown}
 B - a potion of resistance
Comestibles
 c - 7 rations
 E - 2 chunks of flesh


   Skills:
 + Level 6.0 Fighting
 + Level 5.6 Maces & Flails
 - Level 2.1 Dodging
 - Level 2.0 Stealth
 + Level 6.0 Spellcasting
 + Level 8.2 Conjurations
 + Level 9.0 Air Magic


You had 19 spell levels left.
You knew the following spells:

 Your Spells              Type           Power        Failure   Level  Hunger
a - Shock                 Conj/Air       ####         1%          1    None

Your spell library contained the following spells:

 Spells                   Type           Power        Failure   Level  Hunger
 Magic Dart               Conj           ####         1%          1    None
 Static Discharge         Conj/Air       ######..     1%          3    ##.....
 Swiftness                Chrm/Air       ####....     3%          2    None
 Mephitic Cloud           Conj/Pois/Air  #####...     3%          3    ##.....
 Airstrike                Air            ######....   3%          4    ####...
 Conjure Flame            Conj/Fire      ####....     7%          3    ##.....
 Lightning Bolt           Conj/Air       ######....   11%         5    #####..
 Blink                    Tloc           N/A          19%         2    None
 Call Imp                 Summ           #.......     19%         2    None
 Slow                     Hex            #.......     19%         2    None


Dungeon Overview and Level Annotations

Branches:
Dungeon (8/15)             Temple (1/1) D:4
   Lair: D:8-11

Altars:
Ashenzari
Cheibriados
Dithmenos
Elyvilon
Fedhas
Gozag
Hepliaklqana
Kikubaaqudgha
Makhleb
Nemelex Xobeh
Okawaru
Qazlal
Ru
Sif Muna
Trog
Uskayaw
Vehumet
Yredelemnul
The Shining One

Annotations:
D:4 2 runed translucent doors, prawnwizard's ghost, amateur DDFi
D:8 Joseph


Innate Abilities, Weirdness & Mutations

You have a beak for a mouth.
You have claws for feet.
You can fly continuously.


Message History

You feel a surge of power!
The zap misses the two-headed ogre.
The zap hits the water moccasin.
The water moccasin is lightly wounded.
The zap hits the water moccasin.
The water moccasin is moderately wounded.
You feel sick.
You feel sick.
Casting: Shock (safe; 1% risk of failure)
Confirm with . or Enter, or press ? or * to list all spells.
Aiming: Shock (safe; 1% risk of failure)
Press: ? - help, Shift-Dir - straight line You feel a surge of power!
The zap hits the two-headed ogre!
The two-headed ogre is moderately wounded.
The zap hits the water moccasin!
The water moccasin is severely wounded.
The zap hits the water moccasin!
The water moccasin is almost dead.
You feel sick. The two-headed ogre misses you.
The two-headed ogre hits you with a +0 giant club!
You die...

#.....# #.......#
#####.....########### #.#####.#
..))[)....>...o.S...# #.# #^#
#####.....รท########S# #.#####.#
#####.............#.# #.....#.#
...##.......#..##.#.######.##.###
...##.......#.....#..o......<...#
...##.......#.############S######
...##...........@OS..# #.#
...##......##.######o#####.#
...#######.##.# #....o..#
........##.##.# #######.#
....).)..#.##.# #.#
##.####..#.##.# ################
#.#.......##.# #..............#
#....##...##.# #.###########.##
###....<.....# #.# #.#


You could see a two-headed ogre, a water moccasin and an orc.

Vanquished Creatures
  A hungry ghost (D:5)
  Edmund (D:4)
  A water moccasin (D:7)
  2 ice beasts
  2 sky beasts
  A black bear (D:7)
  An orc warrior (D:7)
  3 ogres
  3 centaurs
  3 bullfrogs
  4 scorpions
  3 crimson imps
  A centaur zombie (Ossuary)
  A bullfrog zombie (D:7)
  4 hounds
  3 jellies
  2 gnoll shamans
  An orc priest (D:5)
  4 orc wizards
  3 bullfrog skeletons
  An iguana (D:4)
  8 worker ants
  2 big kobold zombies (Ossuary)
  3 mummies
  A worker ant zombie (D:7)
  11 gnolls
  A howler monkey skeleton (D:4)
  9 adders
  3 shadow imps
  An ooze (D:6)
  A worm (D:3)
  4 leopard geckos
  25 orcs
  11 giant cockroaches
  6 goblins
  7 hobgoblins (D:1)
  8 jackals
  5 quokkas
  A ball python (D:1)
  9 bats
  5 frilled lizards
  3 gnoll zombies (Ossuary)
  3 goblin zombies (Ossuary)
  2 hobgoblin zombies (Ossuary)
  8 kobolds
  A leopard gecko skeleton (D:2)
  3 orc zombies (Ossuary)
  12 rats
198 creatures vanquished.

Notes
Turn   | Place    | Note
-------+----------+-------------------------------------------
     0 | D:1      | IBeShadow the Tengu Air Elementalist began the quest for
                  | the Orb.
     0 | D:1      | Reached XP level 1. HP: 10/10 MP: 4/4
   113 | D:1      | Reached XP level 2. HP: 8/16 MP: 3/6
   529 | D:1      | Reached skill level 1 in Fighting
   553 | D:1      | Reached XP level 3. HP: 17/20 MP: 7/7
  1592 | D:2      | Reached XP level 4. HP: 8/25 MP: 4/8
  3729 | D:4      | Found a runed translucent door.
  3729 | D:4      | Noticed prawnwizard's ghost (amateur DDFi)
  3777 | D:4      | Found a white marble altar of Elyvilon.
  3805 | D:4      | Reached skill level 5 in Air Magic
  3805 | D:4      | Gained mutation: You can fly continuously. [Tengu growth]
  3805 | D:4      | Reached XP level 5. HP: 22/30 MP: 4/10
  3909 | D:4      | Found an opulent altar of Gozag.
  4003 | D:4      | Noticed Edmund
  4015 | D:4      | Killed Edmund
  4015 | D:4      | Reached XP level 6. HP: 35/36 MP: 2/12
  4112 | D:4      | Found a staircase to the Ecumenical Temple.
  4156 | Temple   | Entered the Ecumenical Temple
  4348 | Temple   | Became a worshipper of Ashenzari the Shackled
  4393 | D:4      | Found a sand-covered staircase.
  4419 | Ossuary  | Entered an ossuary
  4882 | Ossuary  | Reached skill level 1 in Maces & Flails
  4943 | Ossuary  | Reached XP level 7. HP: 15/41 MP: 5/13
  5270 | D:4      | Found a runed translucent door.
  5652 | D:5      | Entered Level 5 of the Dungeon
  5675 | D:4      | Reached skill level 6 in Air Magic
  5825 | D:5      | Reached skill level 5 in Conjurations
  6419 | D:5      | Found a hide-covered altar of Uskayaw.
  6426 | D:5      | Found a glowing golden altar of the Shining One.
  6496 | D:5      | Found an ancient bone altar of Kikubaaqudgha.
  6695 | D:5      | Reached XP level 8. HP: 24/48 MP: 9/15
  7127 | D:5      | Reached skill level 7 in Air Magic
  8911 | D:6      | Reached skill level 5 in Spellcasting
  9014 | D:6      | Reached XP level 9. HP: 26/53 MP: 9/17
  9019 | D:6      | Reached skill level 5 in Fighting
  9237 | D:6      | Reached skill level 8 in Air Magic
 10155 | D:7      | Reached skill level 5 in Maces & Flails
 10167 | D:7      | Reached * piety under Ashenzari
 10722 | D:7      | Found a sparkling altar of Nemelex Xobeh.
 10778 | D:8      | Noticed Joseph
 11071 | D:8      | Noticed a two-headed ogre
 11078 | D:7      | Reached skill level 9 in Air Magic
 11234 | D:7      | Slain by a two-headed ogre

Skill      XL: |  1  2  3  4  5  6  7  8  9 |
---------------+----------------------------+-----
Conjurations   | 2 3 4 5 6 8 |  8.2
Fighting       | 1 2 3 4 6 |  6.0
Spellcasting   | 3 4 5 6 |  6.0
Air Magic      | 5 6 7 9 |  9.0
Maces & Flails | 1 2 4 5 |  5.6
Dodging        | |  2.1
Stealth        | |  2.0

Action                   |  1- 3 |  4- 6 |  7- 9 || total
-------------------------+-------+-------+-------++-------
Melee: Unarmed           |    50 |       |       ||    50
       Kick              |    22 |    22 |    57 ||   101
       Peck              |    11 |    13 |    34 ||    58
       Whip              |    59 |       |       ||    59
       Mace              |    12 |    59 |       ||    71
       Flail             |       |    33 |   242 ||   275
 Cast: Shock             |     9 |    67 |    73 ||   149
Invok: Curse Item        |       |       |     2 ||     2
 Abil: Fly               |       |     1 |       ||     1
  Use: Potion            |       |       |     4 ||     4
       Scroll            |       |       |     9 ||     9
 Stab: Sleeping          |       |     2 |     7 ||     9
       Distracted        |       |       |     2 ||     2
  Eat: Chunk             |     2 |     9 |    13 ||    24
       Ration            |       |     1 |     2 ||     3
Armor: Scale mail        |    76 |    26 |       ||   102
       Robe              |     1 |    16 |    64 ||    81
Dodge: Dodged            |    68 |    84 |   212 ||   364
